AoeStats
← Because I Got High

Migration

510154302Analyzed
1v1 RM · 2d ago on Sep 29, 2026· 50m 17s· 2 players
Game mode
Random Map
Map size
132×132
Population
200
Speed
Normal
Resources
Standard
Victory
Conquest
Starting age
Dark Age
Ending age
Imperial Age
RankedLock teamsTeams togetherTeam positionsShared explorationLock speedFull tech treeHidden civsTurbo modeCheats
Victory
Defeat
🇦🇷 Wu · Argentina
1257
+15
🇦🇷 Varangians · Argentina
1241
-15
Because I Got High
7:44 Loom
9:55 Feudal Age
17:38 Fishing Lines
20:38 Castle Age
21:46 Double-Bit Axe
24:14 Town Watch
29:31 Fletching
30:47 Guard Tower
31:23 Bodkin Arrow
41:29 Imperial Age
40:41 Forging
40:47 Scale Barding Armor
42:44 Chain Barding Armor
44:12 Iron Casting
43:14 Capped Ram
45:43 Squires
48:44 Scale Mail Armor
48:54 Elite Varangian Guard
pepelui_gg
12:32 Feudal Age
16:23 Castle Age
14:23 Fletching
15:13 Loom
17:07 Bodkin Arrow
17:45 Medium Warships
19:05 Double-Bit Axe
21:50 Clinker Construction
22:34 Bow Saw
23:02 Fishing Lines
25:05 Ballistics
33:00 Imperial Age
31:04 Padded Archer Armor
35:27 Bracer
36:25 Wheelbarrow
38:13 Two-Man Saw
37:51 Heavy Warships
37:28 Town Watch
38:50 Gold Mining
38:54 Stone Mining
39:39 Conscription
41:59 Chemistry
41:10 Sitting Tiger
41:48 Leather Archer Armor
42:06 Masonry
43:13 Scale Barding Armor
43:18 Gillnets
44:22 Gold Shaft Mining
44:49 Horse Collar
45:03 Elite Fire Archer
46:52 Architecture
Connection lost

Rejoining the realm…

Still unreachable

The connection could not be restored.

Session expired

The server has moved on; the page needs a fresh start.